 Dungeon Crawl Stone Soup version 0.14.1-24-gbdbe590 (webtiles) character file.

12537 Hypnos the Fighter (level 11, 0/101 HPs)
             Began as a Demigod Wanderer on June 26, 2014.
             Succumbed to a black mamba's poison
             ... on Level 2 of the Lair of Beasts.
             The game lasted 02:06:01 (20100 turns).

Hypnos the Fighter (Demigod Wanderer)              Turns: 20100, Time: 02:06:01

HP   0/101       AC  2     Str 24      XL: 11   Next: 29%
MP  16/28        EV 16     Int 20      God:
Gold 773         SH  0     Dex 17      Spells:  3 memorised, 13 levels left

rFire  + . .     SeeInvis .     d - +6,+5 falchion of Khanodif {slice, rF+ Int+1 Stlth-}
rCold  . . .     Clarity  .     (no armour)
rNeg   + . .     Conserve .     (no shield)
rPois  .         rCorr    .     (no helmet)
rElec  .         rRot     .     q - +0 cloak
SustAb . .       Spirit   .     t - +0 pair of gloves
rMut   .         Warding  +     (no boots)
Saprov . . .     Stasis   .     b - amulet of warding
MR     +....                    (no ring)
                                g - +1 ring of strength

@: mighty, lethally poisoned, very slightly contaminated, somewhat resistant to
hostile enchantments, very unstealthy
A: fangs 1, screaming 1
a: no special abilities


You were on level 2 of the Lair of Beasts.
You were not hungry.

You visited 2 branches of the dungeon, and saw 15 of its levels.
You also visited: Ice Cave.

You collected 773 gold pieces.

Inventory:

Hand weapons
 d - the +6,+5 falchion of Khanodif (weapon) {slice, rF+ Int+1 Stlth-}
   (You found it on level 5 of the Dungeon)

   It inflicts extra damage upon your enemies.
   It affects your intelligence (+1).
   It protects you from fire.
   It makes you much less stealthy.
 u - a +2,+2 dagger of venom
 I - a +0 blowgun
 L - a +3,+3 scimitar of flaming
Missiles
 o - 49 poisoned needles
 A - 10 tomahawks (quivered)
 B - 39 arrows
Armour
 c - a +2 robe of fire resistance
 l - a troll hide
 q - a +0 cloak (worn)
 t - a +0 pair of gloves (worn)
Magical devices
 a - a wand of disintegration (18)
 k - a wand of digging (1)
 r - a wand of slowing (4)
 v - a wand of cold (0)
 x - a wand of magic darts (11)
 F - a wand of slowing (21)
 G - a wand of magic darts (0)
Comestibles
 f - 4 bread rations
 w - 5 meat rations
Scrolls
 e - 3 scrolls of identify
 j - 2 scrolls of magic mapping
 C - a scroll of teleportation
 E - 4 scrolls of remove curse
Jewellery
 b - an amulet of warding (around neck)
 g - a +1 ring of strength (left hand)
Potions
 i - 2 potions of magic
Books
 p - a book of Power

   Spells                             Type                      Level
   Fulminant Prism                    Conjuration/Hexes            4
   *Iskenderun's Mystic Blast         Conjuration                  4
   Venom Bolt                         Conjuration/Poison           5
   Bolt of Magma                      Conjuration/Fire/Earth       5
   Iron Shot                          Conjuration/Earth            6
   Orb of Destruction                 Conjuration                  7
 K - a book of the Tempests

   Spells                             Type                      Level
   Static Discharge                   Conjuration/Air              3
   Lightning Bolt                     Conjuration/Air              5
   *Fireball                          Conjuration/Fire             5
   Tornado                            Air                          9
   Shatter                            Earth                        9


   Skills:
 + Level 10.5 Fighting
 - Level 2.1 Short Blades
 - Level 5.8 Long Blades
   Level 2.9 Bows
 - Level 1.0 Throwing
 - Level 4.7 Armour
 + Level 5.5 Dodging
   Level 1.0 Shields
 + Level 6.8 Spellcasting
 + Level 3.8 Conjurations
   Level 2.6 Hexes
   Level 1.0 Necromancy
 - Level 1.9 Fire Magic
 - Level 0.8 Evocations


You had 13 spell levels left.
You knew the following spells:

 Your Spells              Type           Power        Failure   Level  Hunger
a - Beastly Appendage     Trmt           #.....       12%         1    None
b - Fireball              Conj/Fire      ###.......   82%         5    #####..
c - Iskenderun's Mystic   Conj           ###.....     21%         4    ###....


Dungeon Overview and Level Annotations

Branches:
Dungeon (10/15)            Temple (0/1) D:6            Lair (5/8) D:9
    Orc: D:9-12       Swamp: Lair:3-6    Shoals: Lair:3-6     Snake: Lair:3-6
 Spider: Lair:3-6


Innate Abilities, Weirdness & Mutations

You have very sharp teeth.
You occasionally shout uncontrollably.


Message History

Wear which item? (? for menu, Esc to quit)
Keep disrobing?
* * * LOW HITPOINT WARNING * * *
You feel sick.
You start removing your armour.
You continue taking off your +2 robe of fire resistance.
* * * LOW HITPOINT WARNING * * *
You feel sick.
You continue taking off your +2 robe of fire resistance.
* * * LOW HITPOINT WARNING * * *
You feel sick.
You finish taking off your +2 robe of fire resistance. "Was it this warm in here before?"
Wear which item? (? for menu, Esc to quit)
Keep equipping yourself?
* * * LOW HITPOINT WARNING * * *
You feel sick.
You start putting on your armour.
You continue putting on your troll hide.
You die...

## #.### #.## ### .# #...# #..#
P.# ## ##..## #..#####.# ##..#
##...#...# #.f### ##..##...##
##...)# #.......... #P...##
##.......... ###....####
##........... ###
#.......@.###............ #.###
###...###.....%............
.##.###....#.###........#........
...###....#####.........#####....
........### #.#.........#####...
##.....## ##.....#......# #...
##.P..# ##.....##....## #...
###..## #...######....# ##..
##..# ####..## #...####...


There were no monsters in sight!

Vanquished Creatures
  Erica (Lair:3)
  Erolcha (D:8)
  Pikel (D:3)
  An elephant (Lair:2)
  A black mamba (Lair:1)
  2 spiny frogs (Lair:2)
  Grinder (D:4)
  3 komodo dragons
  A troll (D:9)
  Eustachio (D:6)
  4 yaks
  A wyvern (D:9)
  A hippogriff (Lair:3)
  A hungry ghost (D:10)
  Edmund (D:6)
  A necrophage (D:7)
  6 porcupines
  3 water moccasins
  2 orc warriors
  A black bear (D:6)
  2 sky beasts (D:6)
  A slave (D:3)
  3 centaurs
  5 ogres
  4 crocodiles
  Sigmund (D:3)
  10 ice beasts
  3 giant slugs
  Blork the orc (D:8)
  8 giant frogs
  3 scorpions
  4 killer bees (D:8)
  7 jellies
  A yellow wasp zombie (D:10)
  A centaur zombie (D:6)
  4 crimson imps
  2 goliath beetles
  3 hounds
  Crazy Yiuf (D:2)
  A giant frog skeleton (D:7)
  6 orc priests
  8 worker ants
  6 iguanas
  An elf skeleton (D:7)
  7 orc wizards
  6 sheep (Lair:3)
  Ijyb (D:3)
  A mottled dragon skeleton (D:9)
  Terence (D:2)
  A mummy (D:7)
  A worker ant zombie (D:6)
  5 gnolls
  12 adders
  13 green rats
  An inept item mimic (D:8)
  2 giant mites
  An inept feature mimic (D:2)
  4 shadow imps
  6 worms
  An adder zombie (D:6)
  2 adder skeletons
  8 giant geckos
  34 orcs
  3 ball pythons
  24 bats
  28 hobgoblins
  30 jackals
  16 kobolds
  12 quokkas
  4 giant cockroaches
  7 giant newts
  18 goblins
  A kobold zombie (D:6)
  14 rats
  A rat skeleton (D:5)
  A fungus (D:2)
386 creatures vanquished.

Vanquished Creatures (others)
  A fungus (Lair:3)
  A plant (D:9)
2 creatures vanquished.

Grand Total: 388 creatures vanquished

Notes
Turn   | Place    | Note
--------------------------------------------------------------
     0 | D:1      | Hypnos, the Demigod Wanderer, began the quest for the Orb.
     0 | D:1      | Reached XP level 1. HP: 16/16 MP: 3/3
   243 | D:1      | Reached XP level 2. HP: 21/23 MP: 4/4
   723 | D:1      | Reached XP level 3. HP: 29/29 MP: 6/6
  1256 | D:2      | Reached XP level 4. HP: 30/37 MP: 9/9
  1580 | D:2      | Noticed Terence
  1764 | D:3      | Noticed Sigmund
  1980 | D:3      | Reached skill level 3 in Fighting
  2479 | D:2      | Noticed Crazy Yiuf
  2500 | D:2      | Killed Crazy Yiuf
  2500 | D:2      | Reached XP level 5. HP: 40/45 MP: 12/12
  2898 | D:3      | Reached skill level 1 in Short Blades
  3040 | D:3      | Reached skill level 4 in Fighting
  3048 | D:3      | Reached XP level 6. HP: 20/52 MP: 15/15
  3717 | D:4      | Noticed Grinder
  3723 | D:4      | Paralysed by Grinder for 6 turns
  3823 | D:5      | Entered Level 5 of the Dungeon
  4087 | D:5      | Reached skill level 5 in Fighting
  4415 | D:5      | Got a brightly glowing falchion
  4418 | D:5      | Identified the cursed +6,+5 falchion of Khanodif {slice, rF+ Int+1 Stlth-} (You found it on level 5 of the Dungeon)
  4784 | D:5      | Reached skill level 1 in Long Blades
  4784 | D:5      | Reached XP level 7. HP: 46/61 MP: 16/18
  5374 | D:6      | Found a staircase to the Ecumenical Temple.
  5432 | D:6      | Reached skill level 6 in Fighting
  6213 | D:6      | Reached XP level 8. HP: 34/71 MP: 19/21
  6540 | D:6      | Noticed Eustachio
  6553 | D:6      | Killed Eustachio
  6553 | D:6      | Reached skill level 7 in Fighting
  6742 | D:3      | Found a burning altar of Makhleb.
  6742 | D:3      | Found a shimmering altar of Xom.
  6815 | D:3      | Killed Sigmund
  6848 | D:3      | Found an ancient bone altar of Kikubaaqudgha.
  6868 | D:3      | Found an iron altar of Okawaru.
  7011 | D:3      | Noticed Ijyb
  7025 | D:3      | Killed Ijyb
  7695 | D:2      | Killed Terence
  7991 | D:6      | Noticed Edmund
  8000 | D:6      | Killed Edmund
  8141 | D:6      | Reached skill level 1 in Dodging
  8343 | D:7      | Reached skill level 1 in Armour
  8412 | D:7      | Reached skill level 8 in Fighting
  8504 | D:7      | Reached XP level 9. HP: 76/81 MP: 23/23
  9008 | D:7      | Reached skill level 5 in Spellcasting
  9723 | D:8      | Noticed Erolcha
 10185 | D:4      | Killed Grinder
 10357 | D:4      | Noticed Pikel
 10435 | D:3      | Killed Pikel
 10435 | D:3      | Reached skill level 9 in Fighting
 10852 | D:8      | Reached skill level 5 in Long Blades
 11192 | D:8      | Noticed Blork the orc
 11202 | D:8      | Killed Blork the orc
 11579 | D:9      | Learned a level 5 spell: Fireball
 11741 | D:8      | Killed Erolcha
 11741 | D:8      | Reached XP level 10. HP: 24/91 MP: 25/25
 12319 | D:9      | Found a staircase to the Lair.
 12337 | D:9      | Reached skill level 1 in Fire Magic
 12376 | Lair:1   | Entered Level 1 of the Lair of Beasts
 12720 | Lair:1   | Reached skill level 1 in Conjurations
 15061 | D:9      | Reached skill level 10 in Fighting
 15511 | D:10     | Entered Level 10 of the Dungeon
 16978 | Lair:2   | Learned a level 4 spell: Iskenderun's Mystic Blast
 17399 | Lair:3   | Noticed Erica
 17426 | Lair:3   | Killed Erica
 17544 | Lair:3   | Reached XP level 11. HP: 98/100 MP: 28/28
 18158 | Lair:3   | Reached skill level 5 in Dodging
 18569 | Lair:4   | Found a frozen archway.
 18583 | Lair:4   | Gained mutation: You occasionally shout uncontrollably. [mutagenic glow]
 19054 | IceCv    | Entered an ice cave
 19176 | Lair:4   | Noticed a four-headed hydra
 19906 | Lair:1   | Gained mutation: You have very sharp teeth. [potion of beneficial mutation]
 20094 | Lair:2   | HP: 5/101 [black mamba (9)]
 20097 | Lair:2   | HP: 2/101 [poisoned by a black mamba]
 20100 | Lair:2   | Succumbed to a black mamba's poison

Action                   |  1- 3 |  4- 6 |  7- 9 | 10-12 || total
-------------------------+-------+-------+-------+-------++-------
Melee: Dagger            |       |    71 |       |       ||    71
       Falchion          |       |    18 |   304 |   193 ||   515
       Scimitar          |       |       |       |    40 ||    40
 Fire: Bow               |   101 |   163 |   149 |       ||   413
       Sling             |       |       |    10 |       ||    10
       Blowgun           |       |       |    32 |   272 ||   304
Throw: Dart              |     2 |     6 |    12 |       ||    20
 Cast: Iskenderun's Myst |       |       |       |    24 ||    24
Evoke: Wand              |       |       |    26 |    55 ||    81
  Use: Scroll            |       |     7 |    11 |    17 ||    35
       Potion            |       |     5 |     4 |     8 ||    17
 Stab: Sleeping          |       |     1 |       |       ||     1
